 Dungeon Crawl Stone Soup version 0.31-a0-844-gdc52ec4e09 (webtiles) character file.

Game seed: 11228148687344677347

3432 BURZUM666 the Fighter (level 10, -4/66 HPs)
             Began as a Gargoyle Fighter on Sept 29, 2023.
             Was a Follower of Okawaru.
             Killed by divine providence
             ... invoked by a smoke demon
             ... summoned by a kobold demonologist
              (17 damage)
             ... on level 6 of the Dungeon.
             The game lasted 00:12:20 (7316 turns).

BURZUM666 the Fighter (Gargoyle Fighter)            Turns: 7316, Time: 00:12:20

Health: -4/66      AC: 18    Str: 24    XL:     10   Next: 5%
Magic:  10/10      EV: 11    Int:  8    God:    Okawaru [*.....]
Gold:   409        SH: 12    Dex: 13    Spells: 9/9 levels left

rFire   . . .        t - +2 flail (venom)
rCold   . . .        g - +2 kite shield
rNeg    + . .        b - +0 scale mail
rPois   ∞            (no helmet)
rElec   +            (no cloak)
rCorr   .            o - +2 pair of gloves {Str+3}
SInv    .            (no boots)
Will    .....        (no amulet) Stlth
                     (no ring)
HPRegen 0.31/turn    (no ring)
MPRegen 0.12/turn

%: no passive effects
@: no status effects
A: sickness immunity, AC +7, negative energy resistance 1, electricity
resistance, torment resistance 1, petrification resistance
a: Renounce Religion, Heroism


You were on level 6 of the Dungeon.
You worshipped Okawaru.
Okawaru was aware of your devotion.
You visited 2 branches of the dungeon, and saw 8 of its levels.

You collected 409 gold pieces.

Inventory:

Hand Weapons
 a - a +0 war axe
 t - a +2 flail of venom (weapon)
 w - a +0 whip of flaming
Armour
 b - a +0 scale mail (worn)
 g - a +2 kite shield (worn)
 o - a +2 pair of gloves of strength (worn)
Jewellery
 C - a ring of ice
Wands
 v - a wand of paralysis (3)
Scrolls
 c - 2 scrolls of blinking {unknown}
 e - 8 scrolls of identify {unknown}
 l - a scroll of butterflies {unknown}
 n - 2 scrolls of revelation {unknown}
 p - 2 scrolls of teleportation {unknown}
 s - a scroll of immolation {unknown}
 u - 5 scrolls of noise {unknown}
 x - a scroll of vulnerability {unknown}
 y - 3 scrolls of fog {unknown}
Potions
 d - 3 potions of might
 f - 2 potions of enlightenment {unknown}
 h - 3 potions of heal wounds {unknown}
 i - 4 potions of haste {unknown}
 j - 2 potions of cancellation {unknown}
 k - a potion of berserk rage {unknown}
 m - 2 potions of degeneration {unknown}
 q - a potion of brilliance {unknown}
 r - 8 potions of curing {unknown}
 z - a potion of mutation {unknown}
 A - a potion of attraction {unknown}
 B - a potion of magic {unknown}


   Skills:
 * Level 9.6 Fighting
 + Level 5.4 Axes
 + Level 7.1 Armour
 + Level 4.4 Dodging
 + Level 6.9 Shields


You had 9 spell levels left.
You didn't know any spells.
Your spell library contained the following spells:

 Spells                   Type           Power      Damage    Failure   Level
 Ensorcelled Hibernation  Hex/Ice        0%         N/A       95%         2
 Passwall                 Tmut/Erth      0%         N/A       95%         2
 Sigil of Binding         Hex            0%         N/A       99%         3
 Swiftness                Air            0%         N/A       99%         3
 Brom's Barrelling Bould  Conj/Erth      0%         2d3       100%        4
 Dimensional Bullseye     Hex/Tloc       0%         N/A       100%        4
 Leda's Liquefaction      Hex/Erth       0%         N/A       100%        4
 Fireball                 Conj/Fire      0%         3d3       100%        5
 Iskenderun's Battlesphe  Conj           0%         2d6       100%        5
 Conjure Ball Lightning   Conj/Air       0%         3x3d6     100%        6
 Orb of Destruction       Conj           0%         9d5       100%        7
 Call Canine Familiar     Summ           Unusable   N/A       N/A         3
 Summon Guardian Golem    Hex/Summ       Unusable   N/A       N/A         3
 Spellforged Servitor     Conj/Summ      Unusable   N/A       N/A         7

Dungeon Overview and Level Annotations

Branches:
Dungeon (7/15)             Temple (1/1) D:6

Altars:
Ashenzari
Cheibriados
Dithmenos
Elyvilon
Fedhas
Gozag
Hepliaklqana
Kikubaaqudgha
Makhleb
Nemelex Xobeh
Okawaru
Qazlal
Ru
Sif Muna
Trog
Vehumet
Wu Jian
Xom
Yredelemnul
Zin
The Shining One

Shops:
D:2 [

Annotations:
D:4 exclusion: oklob plant


Innate Abilities, Weirdness & Mutations

You are immune to sickness and miasma.
Your stone body is resilient. (AC +7)
You are immune to poison.
You resist negative energy. (rN+)
You are resistant to electric shocks. (rElec)
You are resistant to unholy torment.
You are immune to petrification.


Message History

The hellwing hits you but does no damage. x2
The kobold demonologist casts a spell.
You thump the hellwing!
The hellwing is lightly wounded.
You block the hellwing's attack. The hellwing closely misses you.
You hit the hellwing but do no damage.
The hellwing is lightly wounded.
The kobold demonologist closely misses you.
The hellwing closely misses you. You block the hellwing's attack.
The smoke demon gestures at you. Something smites you!
You block the kobold demonologist's attack.
The hellwing hits you. The hellwing barely misses you.
You hit the hellwing but do no damage.
The hellwing is lightly wounded.
The kobold demonologist casts a cantrip, but nothing happens.
The hellwing hits you but does no damage.
The hellwing hits you.
You hit the hellwing but do no damage.
The hellwing is lightly wounded.
You block the hellwing's attack. The hellwing barely misses you.
The kobold demonologist hits you with a +0 dagger.
You barely miss the hellwing.
The hellwing is lightly wounded.
The kobold demonologist barely misses you.
The hellwing hits you but does no damage. x2
The smoke demon gestures at you. Something smites you!
* * * LOW HITPOINT WARNING * * *
The kobold demonologist barely misses you.
You block the hellwing's attack. The hellwing closely misses you.
You hit the kobold demonologist.
The kobold demonologist is poisoned.
The kobold demonologist is heavily wounded.
The kobold demonologist gestures wildly while chanting.
You block the hellwing's attack. x2
You barely miss the kobold demonologist.
The kobold demonologist is heavily wounded.
The smoke demon gestures at you. Something smites you!
You die...

♣♣.♣♣♣♣..## #.###.#....
♣♣..#######.....))###
♣.♣♣♣......#...§§§.....
♣.....###.#.≈≈§≈§≈≈≈≈.
♣...#)# #...≈..§.§..≈.
♣..##5# #...≈.≈≈≈§≈§§.
...# #3# #.#...≈...≈.≈.
.### #K# #.#.≈.≈._.≈.≈.
# #@# #...≈.≈...≈.§.
#4# #..§≈.≈≈≈≈..≈. #.#
#.#.≈.......≈. #.#
#.#.≈≈≈≈≈§≈≈≈. ###
#.#...........
#.........####
###########


You could see a hellwing (summoned), a kobold demonologist (very poisoned), a
smoke demon (summoned) and a white imp (summoned).

Vanquished Creatures
  Pikel (D:5)
  2 hornets
  Grinder (D:6)
  A wyvern (D:7)
  Sigmund (D:2)
  Menkaure (D:4)
  A water moccasin (D:7)
  Duvessa (D:6)
  2 orc warriors
  An ogre (D:6)
  2 centaurs (D:7)
  3 lemures (D:5)
  2 bullfrogs
  2 kobold brigands (D:7)
  2 scorpions
  3 wights
  Dowan (D:6)
  4 howler monkeys (D:6)
  A hound (D:5)
  4 orc priests
  3 sleepcaps
  Terence (D:2)
  7 iguanas
  6 adders
  3 white imps
  3 worms (D:3)
  5 dart slugs
  22 orcs
  6 ball pythons
  9 endoplasms
  4 giant cockroaches
  7 goblins
  10 hobgoblins
  4 jackals
  2 quokkas
  8 bats
  3 frilled lizards
  7 kobolds
  4 rats
150 creatures vanquished.

Notes
Turn   | Place    | Note
-------+----------+-------------------------------------------
     0 | D:1      | BURZUM666 the Gargoyle Fighter began the quest for the Orb.
     0 | D:1      | Reached XP level 1. HP: 14/14 MP: 1/1
   169 | D:1      | Reached XP level 2. HP: 13/19 MP: 2/2
   828 | D:2      | Noticed Sigmund
   998 | D:2      | Reached XP level 3. HP: 21/24 MP: 3/3
  1006 | D:2      | Found Ehuluak's Antique Armour Shop.
  1155 | D:2      | Noticed Terence
  1163 | D:2      | Killed Terence
  1164 | D:2      | Reached skill level 4 in Fighting
  1164 | D:2      | Reached XP level 4. HP: 28/29 MP: 4/4
  1741 | D:3      | Reached skill level 1 in Dodging
  2075 | D:4      | Reached XP level 5. HP: 34/34 MP: 5/5
  2113 | D:4      | Found a blossoming altar of Fedhas.
  2135 | D:4      | Noticed an oklob plant
  2258 | D:4      | Noticed Menkaure
  2284 | D:4      | Killed Menkaure
  2285 | D:4      | Reached skill level 5 in Fighting
  2285 | D:4      | Reached XP level 6. HP: 11/40 MP: 6/6
  2955 | D:5      | Entered Level 5 of the Dungeon
  3129 | D:5      | Found a radiant altar of Vehumet.
  3191 | D:5      | Reached XP level 7. HP: 44/44 MP: 7/7
  3193 | D:5      | Found a sparkling altar of Nemelex Xobeh.
  3340 | D:5      | Paralysed by an orc for 2 turns
  3349 | D:5      | Noticed Pikel
  3509 | D:5      | Killed Pikel
  3510 | D:5      | Reached skill level 6 in Fighting
  3510 | D:5      | Reached skill level 5 in Armour
  3510 | D:5      | Reached skill level 5 in Shields
  3510 | D:5      | Reached XP level 8. HP: 38/52 MP: 8/8
  4648 | D:2      | Killed Sigmund
  4649 | D:2      | Reached skill level 7 in Fighting
  4951 | D:6      | Noticed Grinder
  4961 | D:6      | Paralysed by Grinder for 3 turns
  4967 | D:6      | Killed Grinder
  5001 | D:6      | Found a glowing silver altar of Zin.
  5106 | D:6      | Found a staircase to the Ecumenical Temple.
  5300 | D:7      | Noticed a wyvern
  5303 | D:7      | Killed a wyvern
  5341 | D:7      | Reached skill level 8 in Fighting
  5341 | D:7      | Reached XP level 9. HP: 56/59 MP: 9/9
  5371 | D:7      | Noticed a hornet
  5381 | D:7      | Killed a hornet
  6337 | D:7      | Reached skill level 5 in Axes
  6414 | D:7      | Reached skill level 9 in Fighting
  6579 | Temple   | Entered the Ecumenical Temple
  6622 | Temple   | Became a worshipper of Warmaster Okawaru
  6958 | D:6      | Found a bloodstained altar of Trog.
  6987 | D:6      | Found a broken altar of Ashenzari.
  6991 | D:6      | Noticed Dowan
  7001 | D:6      | Noticed Duvessa
  7007 | D:6      | Killed Dowan
  7009 | D:6      | Killed Duvessa
  7116 | D:6      | Noticed a two-headed ogre
  7270 | D:6      | Noticed a hornet
  7281 | D:6      | Killed a hornet
  7282 | D:6      | Reached XP level 10. HP: 48/66 MP: 10/10
  7282 | D:6      | Reached * piety under Okawaru
  7288 | D:6      | Noticed a kobold demonologist
  7310 | D:6      | Noticed a smoke demon
  7316 | D:6      | Killed from afar by a smoke demon

Illustrated notes

Levels and vault maps discovered:
D:1:      minmay_arrival_stair_chambers, layout_basic, serial_park_tiny_1,
          hangedman_decor_push
D:2:      layout_loops_ring, serial_shops, nicolae_shop_hallway_plus,
          st_stairs_1, uniq_terence, uniq_sigmund
D:3:      layout_basic
D:4:      layout_basic, tgw_fedhas, uniq_menkaure
D:5:      layout_layer_cave, fiery_altar_vehumet, nemelex_diamond_rough_becter,
          uniq_pikel
D:6:      layout_basic, lemuel_tele_altar, zin_treasury,
          mainiacjoe_overflow_concentric_impassable,
          minmay_temple_entry_from_below_a, kb_rosetta, uniq_grinder,
          uniq_duvessa
D:7:      layout_gridville, minivault_1, serial_bayou_pond_d, grunt_potential
Temple:   regret_index_temple_generic_petals

Skill      XL: |  1  2  3  4  5  6  7  8  9 |
---------------+----------------------------+-----
Axes           | 2 3 4 5 |  5.4
Fighting       | 4 5 6 8 9 |  9.6
Dodging        | 1 2 3 4 |  4.4
Armour         | 4 5 6 7 |  7.1
Shields        | 4 5 6 |  6.9

Action                     |  1- 3 |  4- 6 |  7- 9 | 10-12 || total
---------------------------+-------+-------+-------+-------++-------
  Melee: War axe           |    81 |   101 |       |       ||   182
         Flail             |       |    60 |   256 |    20 ||   336
 Armour: Scale mail        |    67 |    88 |   232 |    22 ||   409
  Dodge: Dodged            |    47 |    52 |   136 |    10 ||   245
  Block: Buckler           |    11 |       |       |       ||    11
         Kite shield       |    37 |    81 |   231 |    16 ||   365

Table legend: (Time is in decaauts)
 A = Elapsed time spent in this place.
 B = Non-inter-level travel time spent in this place.
 C = Inter-level travel time spent in this place.
 D = Time resting spent in this place.
 E = Time spent auto-exploring this place.
 F = Levels seen in this place.
 G = Mean time per level.
                   A        B        C        D        E       F      G
               +--------+--------+--------+--------+--------+-----+--------+
         Total |   7546 |   6953 |    593 |   1067 |   3916 |   8 |  943.2 |
       Dungeon |   7461 |   6944 |    517 |   1067 |   3916 |   7 | 1065.9 |
        Temple |     84 |      8 |     76 |      0 |      0 |   1 |   84.0 |
               +--------+--------+--------+--------+--------+-----+--------+

Top non-repeatable levels by time:
     D:5: 1737 daAuts
     D:6: 1232 daAuts
     D:7: 1022 daAuts
     D:4: 1022 daAuts
     D:2: 940 daAuts
     D:1: 893 daAuts
     D:3: 613 daAuts
  Temple: 84 daAuts
